cohdb
Replays
Latest Replays
All Replays
Popular Replays
Top Player Replays
Match Explorer
How It Works
Community
CoH3 Stats
Reddit
Sign in to upload your games and track your stats! →
Sign in with Steam
Tense Wehr vs USF pachino
Match 11953902
Overview
Messages
Build Orders
End
Construct Barracks
Selects Special Operations Battlegroup
Selects M29 Weasel Recon Vehicle
M29 Weasel Recon Vehicle
Riflemen Squad
Riflemen Squad
Riflemen Squad
Engineer Squad
Infantry Support Center
Construct Medical Station
Selects Smoke Screen
M1918 Browning Automatic Rifles
Smoke Screen
Munitions Surplus
Survival Training
Selects SSF Commando Squad
SSF Commando Squad
Advanced Logisitcs
Grenade Package
Smoke Screen
SSF Commando Squad
Construct Tank Depot
Smoke Screen
Selects Air Re-supply Operation
Selects Mark Vehicle
M18 Hellcat Tank Destroyer
Selects M4A1 Sherman Whizbang
Air Re-Supply Operation
M18 Hellcat Tank Destroyer
Engineer Squad
M18 Hellcat Tank Destroyer
Mark Vehicle
Theodosios
Wolfe
0
0
Comments
sign in to comment!
No comments posted yet!